 Dungeon Crawl Stone Soup version 0.30-a0-534-gdc55766716 (console) character file.

Game seed: 331510350686892138

12 jejorda2 the Slasher (level 2, -5/24 HPs)
             Began as a Merfolk Berserker on Dec 24, 2022.
             Was a Follower of Trog.
             Slain by a gnoll
             ... wielding a +0 club
              (6 damage)
             ... on level 1 of the Dungeon.
             The game lasted 00:01:06 (242 turns).

jejorda2 the Slasher (Merfolk Berserker)             Turns: 242, Time: 00:01:06

Health: -5/24      AC:  2    Str: 17    XL:     2   Next: 33%
Magic:  2/2        EV:  9    Int:  6    God:    Trog [*.....]
Gold:   11         SH:  0    Dex: 13    Spells: 1/1 levels left

rFire   . . .      SeeInvis .    a - +0 falchion
rCold   . . .      Faith    .    (no shield)
rNeg    . . .      Spirit   .    b - +0 animal skin
rPois   .          Reflect  .    (no helmet)
rElec   .          Harm     .    (no cloak)
rCorr   .          Rampage  .    (no gloves)
Will    .....                    (no boots)
Stlth   +                        (no amulet)
HPRegen 0.24/turn                (no ring)
MPRegen 0.08/turn                (no ring)

@: constricted
A: (nimble swimmer 2), mertail
a: Renounce Religion, Berserk


You were on level 1 of the Dungeon.
You worshipped Trog.
Trog was aware of your devotion.
You visited 1 branch of the dungeon, and saw 1 of its levels.

You collected 11 gold pieces.

Inventory:

Hand Weapons
 a - a +0 falchion (weapon)
Missiles
 d - 4 poisoned darts (quivered)
Armour
 b - a +0 animal skin (worn)
Scrolls
 c - a scroll of poison {unknown}


   Skills:
 + Level 3.5 Fighting
 * Level 4.1 Long Blades
 - Level 1.3 Armour
 + Level 3.0 Dodging


You had one spell level left.
You didn't know any spells.
Your spell library was empty.

Dungeon Overview and Level Annotations

Branches:
Dungeon (1/15)

Altars:


Innate Abilities, Weirdness & Mutations

((You are very nimble when in or above water. (Stealth+, EV+, Speed+++)))
Your lower body shifts to a powerful aquatic tail in water.


Message History

You see here a jackal corpse.
Found 4 poisoned darts and a robe.
You now have 11 gold pieces.
You see here 4 poisoned darts.
d - 4 poisoned darts
Found a cloak.
Found 3 scrolls labelled SIAFUKHL HEHUI.
A ball python and a gnoll come into view.
Found a rapier.
The ball python hisses angrily.
The ball python bites you. The ball python barely misses you.
You fail to use your ability.
The ball python barely misses you. The ball python completely misses you.
You closely miss the ball python. The ball python bites you.
The ball python grabs you. The ball python constricts you.
You hit the ball python but do no damage.
The ball python barely misses you. The ball python constricts you.
The ball python bites you but does no damage.
The ball python constricts you. The gnoll hits you with a +0 club.
You barely miss the gnoll. The ball python bites you.
The ball python constricts you. The gnoll barely misses you.
You hit the ball python.
The ball python is heavily wounded.
The ball python bites you but does no damage.
The ball python constricts you. The gnoll barely misses you.
You hit the gnoll but do no damage. The ball python bites you.
The ball python constricts you. The gnoll barely misses you.
The ball python bites you. The ball python constricts you.
You hit the ball python.
The ball python is severely wounded.
The gnoll hits you with a +0 club!
* * * LOW HITPOINT WARNING * * *
The ball python bites you.
* * * LOW HITPOINT WARNING * * *
The ball python constricts you.
* * * LOW HITPOINT WARNING * * *
You closely miss the ball python.
The ball python is severely wounded.
The gnoll hits you with a +0 club.
You die...

.# #. .#.#
#.# .#.#
#.##.#.####
#.#........
#.#..[.....
#....?.....
#..........
#..@g......
#.#S)......
#.#......##
#.#......#
#.#......#
#.###.####
#.# .#
#.###.#
#...#


You could see a gnoll and a ball python.

Vanquished Creatures
  A dart slug (D:1)
  An endoplasm (D:1)
  A goblin (D:1)
  A hobgoblin (D:1)
  3 jackals (D:1)
  A kobold (D:1)
  A rat (D:1)
9 creatures vanquished.

Notes
Turn   | Place    | Note
-------+----------+-------------------------------------------
     0 | D:1      | jejorda2 the Merfolk Berserker began the quest for the Orb.
     0 | D:1      | Reached XP level 1. HP: 18/18 MP: 1/1
     6 | D:1      | Noticed a polar bear
    72 | D:1      | Reached skill level 4 in Long Blades
    72 | D:1      | Reached XP level 2. HP: 9/24 MP: 2/2
   241 | D:1      | HP: 1/24 [constriction (1)]
   242 | D:1      | Slain by a gnoll

Illustrated notes

Levels and vault maps discovered:
D:1:      onia_arrival_zoo_common, layout_basic, minmay_shallow_snake_nest

Skill      XL: |  1  2 |
---------------+-------+-----
Long Blades    | 4 |  4.1
Dodging        | 3 |  3.0
Fighting       | |  3.5
Armour         | |  1.3

Action                   || total
-------------------------++-------
Melee: Falchion          ||    37
       Punch             ||     1
Invok: Berserk           ||     1
Armor: Animal skin       ||     7
Dodge: Dodged            ||    19

Table legend: (Time is in decaauts)
 A = Elapsed time spent in this place.
 B = Non-inter-level travel time spent in this place.
 C = Inter-level travel time spent in this place.
 D = Time resting spent in this place.
 E = Time spent auto-exploring this place.
 F = Levels seen in this place.
 G = Mean time per level.
                   A        B        C        D        E       F      G
               +--------+--------+--------+--------+--------+-----+--------+
         Total |    258 |    258 |      0 |     51 |    124 |   1 |  258.0 |
       Dungeon |    258 |    258 |      0 |     51 |    124 |   1 |  258.0 |
               +--------+--------+--------+--------+--------+-----+--------+

Top non-repeatable levels by time:
     D:1: 258 daAuts
